 Dungeon Crawl Stone Soup version 0.30-a0-924-g0ad0bf95bc (webtiles) character file.

Game seed: 1534403018220775235

35 Pimp the Chucker (level 3, -6/31 HPs)
             Began as a Gnoll Wanderer on Mar 22, 2023.
             Mangled by Crazy Yiuf
             ... wielding a +2 quarterstaff of chaos
              (9 damage)
             ... on level 2 of the Dungeon.
             The game lasted 00:03:24 (1675 turns).

Pimp the Chucker (Gnoll Wanderer)                   Turns: 1675, Time: 00:03:24

Health: -6/31      AC:  2    Str: 12    XL:     3   Next: 35%
Magic:  6/9        EV: 16    Int: 12    God:
Gold:   106        SH:  5    Dex: 11    Spells: 11/12 levels left

rFire   . . .      SeeInvis .    a - +2 dagger
rCold   . . .      Faith    .    c - +0 buckler
rNeg    . . .      Spirit   .    e - +0 robe
rPois   .          Reflect  .    (no helmet)
rElec   .          Rampage  .    (no cloak)
rCorr   .                        (no gloves)
Will    .....                    (no boots)
Stlth   +                        (no amulet)
HPRegen 0.25/turn                (no ring)
MPRegen 0.11/turn                (no ring)

@: agile, very slightly contaminated
A: fangs 1, strong nose, distributed training
a: no special abilities


You were on level 2 of the Dungeon.
You visited 1 branch of the dungeon, and saw 2 of its levels.

You collected 106 gold pieces.

Inventory:

Hand Weapons
 a - a +2 dagger (weapon)
Missiles
 b - 2 curare-tipped darts (quivered)
Armour
 c - a +0 buckler (worn)
 e - a +0 robe (worn)
Scrolls
 d - a scroll of fog
 f - 2 scrolls of immolation {unknown}
 g - a scroll of enchant weapon {unknown}
 j - a scroll of amnesia {unknown}
 k - a scroll of teleportation {unknown}
 l - 3 scrolls of identify
 m - a scroll of blinking {unknown}
 n - a scroll of noise {unknown}
 o - a scroll of magic mapping {unknown}
Potions
 i - 2 potions of mutation


   Skills:
 + Level 4.5 Fighting
 + Level 0.8 Short Blades
 + Level 0.8 Long Blades
 + Level 0.8 Axes
 + Level 0.8 Maces & Flails
 + Level 0.8 Polearms
 + Level 0.8 Staves
 + Level 0.8 Ranged Weapons
 + Level 6.5 Throwing
 + Level 0.8 Armour
 + Level 0.8 Dodging
 + Level 0.8 Stealth
 + Level 4.5 Shields
 + Level 0.8 Unarmed Combat
 + Level 5.0 Spellcasting
 + Level 0.5 Conjurations
 + Level 0.5 Hexes
 + Level 0.5 Summonings
 + Level 0.5 Necromancy
 + Level 0.5 Translocations
 + Level 0.5 Transmutations
 + Level 0.5 Fire Magic
 + Level 0.5 Ice Magic
 + Level 0.5 Air Magic
 + Level 0.5 Earth Magic
 + Level 0.5 Poison Magic
 + Level 1.0 Invocations
 + Level 2.6 Evocations


You had 11 spell levels left.
You knew the following spells:

 Your Spells              Type           Power      Damage    Failure   Level
a - Sandblast             Erth           8%         2d5       21%         1

Your spell library contained the following spells:

 Spells                   Type           Power      Damage    Failure   Level
 Magic Dart               Conj           16%        1d3       21%         1
 Call Imp                 Summ           4%         N/A       30%         2
 Mephitic Cloud           Conj/Pois/Air  4%         N/A       52%         3
 Stone Arrow              Conj/Erth      8%         3d7       52%         3


Dungeon Overview and Level Annotations

Branches:
Dungeon (2/15)

Altars:

Shops:
D:2 (

Annotations:
D:2 Crazy Yiuf


Innate Abilities, Weirdness & Mutations

You have very sharp teeth.
Your uncanny sense of smell can sniff out nearby items.
Your experience applies equally to all skills.


Message History

Press: ? - help, Shift-Dir - straight line, f/p - Crazy Yiuf
Aim: Crazy Yiuf, wielding a +2 quarterstaff of chaos, wearing a +0 cloak and carrying a wand of digging (4) (83% to hit)
You miscast Sandblast.
Nothing appears to happen.
Crazy Yiuf closely misses you.
Casting: Sandblast (safe; 21% risk of failure)
Confirm with . or Enter, or press ? or * to list all spells.
Aiming: Sandblast (safe; 21% risk of failure)
Press: ? - help, Shift-Dir - straight line, f/p - Crazy Yiuf
Aim: Crazy Yiuf, wielding a +2 quarterstaff of chaos, wearing a +0 cloak and carrying a wand of digging (4) (83% to hit)
You miscast Sandblast.
Nothing appears to happen.
Crazy Yiuf barely misses you.
Casting: Sandblast (safe; 21% risk of failure)
Confirm with . or Enter, or press ? or * to list all spells.
Aiming: Sandblast (safe; 21% risk of failure)
Press: ? - help, Shift-Dir - straight line, f/p - Crazy Yiuf
Aim: Crazy Yiuf, wielding a +2 quarterstaff of chaos, wearing a +0 cloak and carrying a wand of digging (4) (83% to hit)
You miscast Sandblast.
Nothing appears to happen.
Crazy Yiuf hits you with a +2 quarterstaff of chaos!
* * * LOW HITPOINT WARNING * * *
You feel agile all of a sudden.
Throw: 3 darts (curare)
Press: ? - help, Q - select action, (/) - cycle Shift-Dir - straight line, f/p - Crazy Yiuf
Aim: Crazy Yiuf, wielding a +2 quarterstaff of chaos, wearing a +0 cloak and carrying a wand of digging (4) (65% to hit)
You throw a curare-tipped dart.
The curare-tipped dart closely misses Crazy Yiuf.
Crazy Yiuf says, "I'm not crazy!"
Crazy Yiuf closely misses you.
As you read the scroll labelled DOMIFI KIAP, it crumbles to dust.
It is a scroll of identify.
i - 2 potions of mutation Crazy Yiuf completely misses you.
It was a potion of curing.
You feel better.
Crazy Yiuf hits you with a +2 quarterstaff of chaos!
* * * LOW HITPOINT WARNING * * *
Crazy Yiuf freezes you.
* * * LOW HITPOINT WARNING * * *
You hit Crazy Yiuf.
Crazy Yiuf is lightly wounded.
Crazy Yiuf twirls on the spot.
Crazy Yiuf hits you with a +2 quarterstaff of chaos!
You die...

.# #....#
#.......>..........#
.## #...##
##.................##
..## #...#
#########....#.####.
...# #...# ##.....#
#.# ...# #...# #####
#.....# ##. ...#
#...# #)(.#
#.....###.# ...#
#...# #...#
#..<.....## ...#
#(..# #.g.#
#........# ..## #####
#@# #........## .##
♣.♣♣ #.###...... ##
♣♣.♣ #.# ####### ♣.♣♣
#.# ♣♣.♣ #.# ♣♣.♣♣
#.# ♣♣...♣ #.# ♣....♣
#.# #....# #.#


You could see Crazy Yiuf.

Vanquished Creatures
  A worm (D:2)
  A dart slug (D:1)
  4 endoplasms
  3 goblins
  A hobgoblin (D:1)
  3 jackals (D:1)
  3 quokkas (D:1)
  3 bats
  2 frilled lizards (D:1)
  4 kobolds
  2 rats
27 creatures vanquished.

Notes
Turn   | Place    | Note
-------+----------+-------------------------------------------
     0 | D:1      | Pimp the Gnoll Wanderer began the quest for the Orb.
     0 | D:1      | Pimp set off with the following items: a +2 dagger, 3
                  | curare-tipped darts, a +0 buckler, a scroll of fog, a +0
                  | robe; and the following spell memorised: Sandblast; and the
                  | following spells available to memorise: Stone Arrow.
     0 | D:1      | Reached XP level 1. HP: 20/20 MP: 6/6
   223 | D:1      | HP: 1/20 [quokka (1)]
   366 | D:1      | Reached XP level 2. HP: 25/26 MP: 7/7
   769 | D:1      | Found a faded altar of an unknown god.
   781 | D:1      | Reached skill level 5 in Spellcasting
   781 | D:1      | Reached XP level 3. HP: 22/31 MP: 4/9
  1268 | D:2      | Found a runed translucent door.
  1269 | D:2      | Noticed Crazy Yiuf
  1470 | D:2      | Reached skill level 1 in Invocations
  1519 | D:2      | Found Asmoeg's Antique Weapon Boutique.
  1675 | D:2      | Mangled by Crazy Yiuf

Illustrated notes

Levels and vault maps discovered:
D:1:      onia_arrival_pyramid, layout_basic, ebering_ecumenical_altar_mist,
          glass_columns_a, kennysheep_another_room, roderic_serpentine_path
D:2:      layout_rooms, serial_shops, nicolae_square_shop, minivault_24,
          uniq_crazy_yiuf_cottage

Skill      XL: |  1  2  3 |
---------------+----------+-----
Spellcasting   | 5 |  5.0
Invocations    | 1 |  1.0
Fighting       | |  4.5
Short Blades   | |  0.8
Long Blades    | |  0.8
Axes           | |  0.8
Maces & Flails | |  0.8
Polearms       | |  0.8
Staves         | |  0.8
Ranged Weapons | |  0.8
Throwing       | |  6.5
Armour         | |  0.8
Dodging        | |  0.8
Stealth        | |  0.8
Shields        | |  4.5
Unarmed Combat | |  0.8
Conjurations   | |  0.5
Hexes          | |  0.5
Summonings     | |  0.5
Necromancy     | |  0.5
Translocations | |  0.5
Transmutations | |  0.5
Fire Magic     | |  0.5
Ice Magic      | |  0.5
Air Magic      | |  0.5
Earth Magic    | |  0.5
Poison Magic   | |  0.5
Evocations     | |  2.6

Action                     || total
---------------------------++-------
  Melee: Dagger            ||    97
         Bite              ||     9
  Throw: Dart              ||     2
   Cast: Sandblast         ||    18
    Use: Scroll            ||     1
         Potion            ||     1
   Stab: Sleeping          ||     1
 Armour: Robe              ||    15
  Dodge: Dodged            ||    47
  Block: Buckler           ||    37

Table legend: (Time is in decaauts)
 A = Elapsed time spent in this place.
 B = Non-inter-level travel time spent in this place.
 C = Inter-level travel time spent in this place.
 D = Time resting spent in this place.
 E = Time spent auto-exploring this place.
 F = Levels seen in this place.
 G = Mean time per level.
                   A        B        C        D        E       F      G
               +--------+--------+--------+--------+--------+-----+--------+
         Total |   1685 |   1637 |     48 |    368 |    937 |   2 |  842.5 |
       Dungeon |   1685 |   1637 |     48 |    368 |    937 |   2 |  842.5 |
               +--------+--------+--------+--------+--------+-----+--------+

Top non-repeatable levels by time:
     D:1: 1172 daAuts
     D:2: 512 daAuts
